AoeStats
← Carple

Arena

505116065Analyzed
1v1 RM · 25d ago on Sep 7, 2026· 21m 50s· 2 players
Game mode
Random Map
Map size
Tiny (2 player)
Population
200
Speed
Normal
Resources
Standard
Victory
Conquest
Starting age
Dark Age
Ending age
Imperial Age
RankedLock teamsTeams togetherTeam positionsShared explorationLock speedFull tech treeHidden civsTurbo modeCheats
Victory
Defeat
🇨🇦 Portuguese · Canada
1241
+16
🇨🇦 Japanese · Canada
1240
-16
Carple
10:43 Feudal Age
11:21 Double-Bit Axe
13:08 Horse Collar
14:18 Loom
17:15 Castle Age
18:50 Forging
18:40 Scale Mail Armor
19:18 Scale Barding Armor
19:33 Husbandry
warchickens
5:04 Loom
10:12 Feudal Age
14:27 Castle Age
19:20 Sanctity
21:04 Redemption
Connection lost

Rejoining the realm…

Still unreachable

The connection could not be restored.

Session expired

The server has moved on; the page needs a fresh start.